SAAA
ATHLETIC CLUB KC RESERVES @ TREMONT DOUBLEDAYS
05/19/2030
 
TOP OF THE 1ST
Athletic Club KC Reserves batting - Pitching for Tremont Doubledays : LHP Mathieu Neri
Pitching: LHP Mathieu Neri
Batting: RHB Tony Osorio 0-0: Foul Ball, location: 2F
0-1: Called Strike
0-2: Ball
1-2: Ground out 5-3 (Groundball, 56)
Batting: RHB Iván Chacón 0-0: SINGLE (Groundball, 6MD)
Batting: LHB Wu-shun Chu 0-0: Swinging Strike
0-1: Ball
1-1: Foul Ball, location: 2F
1-2: Foul Ball, location: 2F
1-2: Strikes out swinging
Batting: RHB Andrés Medina 0-0: Ball
1-0: Ball
2-0: Ball
3-0: Called Strike
3-1: Swinging Strike
3-2: Base on Balls
Iván Chacón to second
Batting: LHB Tony García 0-0: Ball
1-0: Foul Ball, location: 2F
1-1: Swinging Strike
1-2: Strikes out swinging
Top of the 1st over - 0 runs, 1 hit, 0 errors, 2 left on base; Athletic Club KC 0 - Tremont 0
BOTTOM OF THE 1ST
Tremont Doubledays batting - Pitching for Athletic Club KC Reserves : RHP Jeremy G. Wentworth
Pitching: RHP Jeremy G. Wentworth
Batting: RHB Jesús Quintana 0-0: Ball
1-0: Ball
2-0: Foul Ball, location: 2F
2-1: Ball
3-1: Called Strike
3-2: Strikes out swinging
Batting: RHB Andrés Gonzáles 0-0: Ball
1-0: Ball
2-0: Fly out, F7 (Flyball, 7)
Batting: LHB Denis Jerningham 0-0: Ball
1-0: Ball
2-0: SINGLE (Line Drive, 7LS)
Batting: RHB Sang Hong-Do 0-0: SINGLE (Line Drive, 78S)
Denis Jerningham to second
Batting: SHB Alfredo Sánchez 0-0: SINGLE (Groundball, 34D)
Denis Jerningham to third
Sang Hong-Do to second
Runner from 3rd tries for Home, SAFE, no throw
Batting: RHB Geoffrey Broekhuizen 0-0: Ball
1-0: Fly out, F3 (Flyball, 3D)
Bottom of the 1st over - 1 run, 3 hits, 0 errors, 2 left on base; Athletic Club KC 0 - Tremont 1
TOP OF THE 2ND
Athletic Club KC Reserves batting - Pitching for Tremont Doubledays : LHP Mathieu Neri
Batting: SHB Eric Moore 0-0: Called Strike
0-1: Bunted foul
0-2: Ball
1-2: SINGLE (Line Drive, 7LS)
Batting: RHB Geoff Rivers 0-0: Called Strike
0-1: Ball
1-1: SINGLE (Flyball, 78M)
Eric Moore to second
Batting: RHB Allen Williams 0-0: Ball
1-0: DOUBLE (Line Drive, 78D)
Eric Moore scores
Geoff Rivers to third
Batting: RHB Javier Marino 0-0: Fly out, F8 (Flyball, 78XD)
Runner from 3rd tags up, SCORES, no throw
Batting: RHB Tony Osorio 0-0: Ball
1-0: Ball
2-0: Called Strike
2-1: SINGLE (Line Drive, 89S)
Allen Williams to third
Batting: RHB Iván Chacón 0-0: Foul Ball, location: 2F
0-1: Ball
1-1: Ball
2-1: Called Strike
2-2: Ball
3-2: Grounds into double play, 6-4-3 (Groundball, 6)
Top of the 2nd over - 2 runs, 4 hits, 0 errors, 1 left on base; Athletic Club KC 2 - Tremont 1
BOTTOM OF THE 2ND
Tremont Doubledays batting - Pitching for Athletic Club KC Reserves : RHP Jeremy G. Wentworth
Batting: RHB Sheldon Deshotels 0-0: Ball
1-0: Ball
2-0: Called Strike
2-1: Ball
3-1: Foul Ball, location: 2F
3-2: Strikes out swinging
Batting: RHB Francisco García 0-0: Called Strike
0-1: Ball
1-1: Called Strike
1-2: Ground out 6-3 (Groundball, 6M)
Batting: RHB José Magana 0-0: Ball
1-0: Ball
2-0: Ball
3-0: Base on Balls
Batting: RHB Jesús Quintana 0-0: Ball
1-0: Called Strike
1-1: Called Strike
1-2: Foul Ball, location: 2F
1-2: Ball
2-2: Strikes out swinging
Bottom of the 2nd over - 0 runs, 0 hits, 0 errors, 1 left on base; Athletic Club KC 2 - Tremont 1
TOP OF THE 3RD
Athletic Club KC Reserves batting - Pitching for Tremont Doubledays : LHP Mathieu Neri
Batting: LHB Wu-shun Chu 0-0: SOLO HOME RUN (Flyball, 89XD), Distance : 416 ft
Batting: RHB Andrés Medina 0-0: Ball
1-0: Fly out, F7 (Flyball, 78S)
Batting: LHB Tony García 0-0: Foul Ball, location: 2F
0-1: Called Strike
0-2: Ball
1-2: Ball
2-2: Strikes out swinging
Batting: SHB Eric Moore 0-0: Ground out 5-3 (Groundball, 56S)
Top of the 3rd over - 1 run, 1 hit, 0 errors, 0 left on base; Athletic Club KC 3 - Tremont 1
BOTTOM OF THE 3RD
Tremont Doubledays batting - Pitching for Athletic Club KC Reserves : RHP Jeremy G. Wentworth
Batting: RHB Andrés Gonzáles 0-0: Ball
1-0: Ball
2-0: Ball
3-0: Called Strike
3-1: Foul Ball, location: 2F
3-2: Base on Balls
Batting: LHB Denis Jerningham 0-0: Ball
1-0: Ball
2-0: Ball
3-0: Base on Balls
Andrés Gonzáles to second
Batting: RHB Sang Hong-Do 0-0: SINGLE (Groundball, 56) (infield hit)
Andrés Gonzáles to third
Denis Jerningham to second
Batting: SHB Alfredo Sánchez 0-0: Called Strike
0-1: Foul Ball, location: 2F
0-2: Fly out, F5 (Line Drive, 56)
Batting: RHB Geoffrey Broekhuizen 0-0: Called Strike
0-1: Ball
1-1: Foul Ball, location: 2F
1-2: Ball
2-2: DOUBLE (Groundball, 5L)
Andrés Gonzáles scores
Denis Jerningham scores
Sang Hong-Do to third
Runner from 3rd tries for Home, SAFE, no throw
Batting: RHB Sheldon Deshotels 0-0: Fly out, F8 (Line Drive, 8LM)
Batting: RHB Francisco García 0-0: Ball
1-0: Ball
2-0: Ball
3-0: Base on Balls
Batting: RHB José Magana 0-0: Called Strike
0-1: Called Strike
0-2: Ball
1-2: Ball
2-2: Ball
3-2: Base on Balls
Geoffrey Broekhuizen to third
Francisco García to second
Batting: RHB Jesús Quintana 0-0: Ball
1-0: Swinging Strike
1-1: Fly out, F9 (Flyball, 9)
Bottom of the 3rd over - 3 runs, 2 hits, 0 errors, 3 left on base; Athletic Club KC 3 - Tremont 4
TOP OF THE 4TH
Athletic Club KC Reserves batting - Pitching for Tremont Doubledays : LHP Mathieu Neri
Batting: RHB Geoff Rivers 0-0: Fly out, F9 (Line Drive, 9)
Batting: RHB Allen Williams 0-0: Called Strike
0-1: Foul Ball, location: 2F
0-2: Foul Ball, location: 2F
0-2: Ground out 6-3 (Groundball, 6)
Batting: RHB Javier Marino 0-0: Called Strike
0-1: Called Strike
0-2: SINGLE (Groundball, 56S) (infield hit)
Batting: RHB Tony Osorio 0-0: Foul Ball, location: 2F
0-1: Ball
1-1: Ball
2-1: Fly out, F8 (Line Drive, 8RM)
Top of the 4th over - 0 runs, 1 hit, 0 errors, 1 left on base; Athletic Club KC 3 - Tremont 4
BOTTOM OF THE 4TH
Tremont Doubledays batting - Pitching for Athletic Club KC Reserves : RHP Jeremy G. Wentworth
Batting: RHB Andrés Gonzáles 0-0: Ball
1-0: Ball
2-0: Called Strike
2-1: Ball
3-1: Called Strike
3-2: Ground out U3 (Groundball, 3L)
Batting: LHB Denis Jerningham 0-0: Ball
1-0: Ball
2-0: Ball
3-0: Base on Balls
Batting: RHB Sang Hong-Do 0-0: Ball
1-0: Foul Ball, location: 2F
1-1: Ball
2-1: Ball
3-1: Base on Balls
Denis Jerningham to second
Batting: SHB Alfredo Sánchez 0-0: SINGLE (Flyball, 7S)
Denis Jerningham to third
Sang Hong-Do to second
Runner from 3rd tries for Home, SAFE, no throw
Batting: RHB Geoffrey Broekhuizen 0-0: Called Strike
0-1: Ball
1-1: Ball
2-1: Ball
3-1: Called Strike
3-2: Base on Balls
Sang Hong-Do to third
Alfredo Sánchez to second
Pitching: RHP Ernesto Lucero
Batting: RHB Sheldon Deshotels 0-0: Ball
1-0: SINGLE (Groundball, 4MD)
Sang Hong-Do scores
Alfredo Sánchez to third
Geoffrey Broekhuizen to second
Batting: RHB Francisco García 0-0: Called Strike
0-1: Foul Ball, location: 2F
0-2: Fly out, F8 (Flyball, 78D)
Runner from 3rd tags up, SCORES, throw made
Batting: RHB José Magana 0-0: Ball
1-0: Foul Ball, location: 2F
1-1: Ball
2-1: Foul Ball, location: 2F
2-2: Foul Ball, location: 2F
2-2: Ball
3-2: Ground out 4-3 (Groundball, 4)
Bottom of the 4th over - 3 runs, 2 hits, 0 errors, 2 left on base; Athletic Club KC 3 - Tremont 7
TOP OF THE 5TH
Athletic Club KC Reserves batting - Pitching for Tremont Doubledays : LHP Mathieu Neri
Batting: RHB Iván Chacón 0-0: Called Strike
0-1: Ball
1-1: Ball
2-1: SINGLE (Line Drive, 78M)
Batting: LHB Wu-shun Chu 0-0: Called Strike
0-1: Called Strike
0-2: Strikes out swinging
Batting: RHB Andrés Medina 0-0: Called Strike
0-1: Foul Ball, location: 2F
0-2: Ball
1-2: Ball
2-2: Strikes out swinging
Batting: LHB Tony García 0-0: Called Strike
0-1: Called Strike
0-2: Ball
1-2: DOUBLE (Line Drive, 89D)
Iván Chacón to third
Runner from 3rd tries for Home, SAFE, no throw
Batting: SHB Eric Moore 0-0: Ball
1-0: Called Strike
1-1: Ball
2-1: Ball
3-1: Base on Balls
Batting: RHB Geoff Rivers 0-0: Ball
1-0: Ball
2-0: Foul Ball, location: 2F
2-1: Ball
3-1: Foul Ball, location: 2F
3-2: SINGLE (Flyball, 8RS)
Tony García to third
Eric Moore to second
Tony García scores
Eric Moore to third
Batting: RHB Allen Williams 0-0: SINGLE (Groundball, 4D)
Eric Moore scores
Geoff Rivers to second
Runner from 2nd tries for 3rd, SAFE, no throw
Pitching: LHP José González
Batting: RHB Javier Marino 0-0: Called Strike
0-1: Ball
1-1: Swinging Strike
1-2: Ball
2-2: Strikes out looking
Top of the 5th over - 3 runs, 4 hits, 0 errors, 2 left on base; Athletic Club KC 6 - Tremont 7
BOTTOM OF THE 5TH
Tremont Doubledays batting - Pitching for Athletic Club KC Reserves : RHP Ernesto Lucero
Batting: RHB Jesús Quintana 0-0: Ball
1-0: Ball
2-0: Fly out, F8 (Flyball, 8LS)
Batting: RHB Andrés Gonzáles 0-0: Fly out, F9 (Flyball, 89D)
Batting: LHB Denis Jerningham 0-0: Ball
1-0: Foul Ball, location: 2F
1-1: Ball
2-1: Called Strike
2-2: Ground out 6-3 (Groundball, 6)
Bottom of the 5th over - 0 runs, 0 hits, 0 errors, 0 left on base; Athletic Club KC 6 - Tremont 7
TOP OF THE 6TH
Athletic Club KC Reserves batting - Pitching for Tremont Doubledays : LHP José González
Batting: RHB Tony Osorio 0-0: Swinging Strike
0-1: Ball
1-1: Ball
2-1: Foul Ball, location: 2F
2-2: Fly out, F8 (Flyball, 8LM)
Batting: RHB Iván Chacón 0-0: Called Strike
0-1: Called Strike
0-2: Ball
1-2: SINGLE (Line Drive, 34D)
Batting: LHB Wu-shun Chu 0-0: Called Strike
0-1: Fly out, F8 (Flyball, 8LXD)
Batting: RHB Andrés Medina 0-0: Called Strike
0-1: Foul Ball, location: 2F
0-2: Ball
1-2: Strikes out swinging
Top of the 6th over - 0 runs, 1 hit, 0 errors, 1 left on base; Athletic Club KC 6 - Tremont 7
BOTTOM OF THE 6TH
Tremont Doubledays batting - Pitching for Athletic Club KC Reserves : RHP Ernesto Lucero
Batting: RHB Sang Hong-Do 0-0: Ball
1-0: Called Strike
1-1: Called Strike
1-2: Foul Ball, location: 2F
1-2: Strikes out swinging
Batting: SHB Alfredo Sánchez 0-0: Ball
1-0: Ball
2-0: Foul Ball, location: 2F
2-1: Foul Ball, location: 2F
2-2: Ball
3-2: Base on Balls
Batting: RHB Geoffrey Broekhuizen 0-0: Fly out, F8 (Flyball, 8LS)
Batting: RHB Sheldon Deshotels 0-0: Fly out, F4 (Popup, 4)
Bottom of the 6th over - 0 runs, 0 hits, 0 errors, 1 left on base; Athletic Club KC 6 - Tremont 7
TOP OF THE 7TH
Athletic Club KC Reserves batting - Pitching for Tremont Doubledays : LHP José González
Batting: LHB Tony García 0-0: Called Strike
0-1: Ball
1-1: Ground out U3 (Groundball, 3)
Batting: SHB Eric Moore 0-0: Called Strike
0-1: Ball
1-1: Ball
2-1: Foul Ball, location: 2F
2-2: Foul Ball, location: 2F
2-2: Ball
3-2: Base on Balls
Batting: RHB Geoff Rivers 0-0: Ball
1-0: Ball
2-0: Ball
3-0: Base on Balls
Eric Moore to second
Batting: RHB Allen Williams 0-0: Ball
Eric Moore steals 3rd base
Geoff Rivers to second
1-0: Ball
2-0: Called Strike
2-1: Foul Ball, location: 2F
2-2: Strikes out swinging
Batting: RHB Javier Marino 0-0: Ball
1-0: Called Strike
1-1: Ball
2-1: Fly out, F7 (Flyball, 78S)
Top of the 7th over - 0 runs, 0 hits, 0 errors, 2 left on base; Athletic Club KC 6 - Tremont 7
BOTTOM OF THE 7TH
Tremont Doubledays batting - Pitching for Athletic Club KC Reserves : RHP Ernesto Lucero
Batting: RHB Francisco García 0-0: Ball
1-0: Ball
2-0: Called Strike
2-1: Swinging Strike
2-2: Strikes out swinging
Batting: RHB José Magana 0-0: Foul Ball, location: 2F
0-1: Ball
1-1: Foul Ball, location: 2F
1-2: Ball
2-2: Strikes out swinging
Batting: RHB Jesús Quintana 0-0: Called Strike
0-1: SINGLE (Groundball, 56D)
Batting: RHB Andrés Gonzáles 0-0: Ball
Jesús Quintana steals 2nd base
1-0: Swinging Strike
1-1: Fly out, F7 (Flyball, 7D)
Bottom of the 7th over - 0 runs, 1 hit, 0 errors, 1 left on base; Athletic Club KC 6 - Tremont 7
TOP OF THE 8TH
Athletic Club KC Reserves batting - Pitching for Tremont Doubledays : LHP José González
Now at C: Jack Davis
Now at 3B: António Quiñones
Batting: RHB Tony Osorio 0-0: Ball
1-0: Foul Ball, location: 2F
1-1: Swinging Strike
1-2: Ball
2-2: Foul Ball, location: 2F
2-2: Ground out 4-3 (Groundball, 34)
Batting: RHB Iván Chacón 0-0: Ball
1-0: Ball
2-0: Ball
3-0: Base on Balls
Batting: LHB Wu-shun Chu 0-0: Swinging Strike
0-1: Swinging Strike
0-2: Fielders Choice at 2nd, 5-4 (Groundball, 56)
Pitching: RHP Alonso Martínez
Batting: RHB Andrés Medina 0-0: Ball
1-0: Ball
2-0: Foul Ball, location: 2F
2-1: Foul Ball, location: 2F
2-2: Hit by Pitch
Wu-shun Chu to second
Batting: LHB Tony García 0-0: Ball
1-0: Called Strike
1-1: Ball
2-1: Ball
3-1: Called Strike
3-2: Ground out 4-3 (Groundball, 4)
Top of the 8th over - 0 runs, 0 hits, 0 errors, 2 left on base; Athletic Club KC 6 - Tremont 7
BOTTOM OF THE 8TH
Tremont Doubledays batting - Pitching for Athletic Club KC Reserves : RHP Ernesto Lucero
Batting: LHB Denis Jerningham 0-0: Foul Ball, location: 2F
0-1: Ball
1-1: Foul Ball, location: 2F
1-2: SINGLE (Groundball, 6MD)
Pinch Hitting: LHB Luis Velázquez 0-0: Foul Ball, location: 2F
0-1: SINGLE (Line Drive, 4)
Denis Jerningham to second
Batting: SHB Alfredo Sánchez 0-0: Called Strike
0-1: Foul Ball, location: 2F
0-2: Ball
1-2: Foul Ball, location: 2F
1-2: SINGLE (Groundball, 3D)
Denis Jerningham to third
Luis Velázquez to second
Runner from 3rd tries for Home, SAFE, no throw
Batting: RHB Geoffrey Broekhuizen 0-0: Bunted foul
0-1: Ball
1-1: Bunted foul
1-2: Fly out, F8 (Line Drive, 8RS)
Pitching: RHP Yue-rong Chen
Pinch Hitting: LHB Roberto Valle 0-0: Called Strike
0-1: Ball
1-1: Grounds into double play, 6-4-3 (Groundball, 6)
Bottom of the 8th over - 1 run, 3 hits, 0 errors, 1 left on base; Athletic Club KC 6 - Tremont 8
TOP OF THE 9TH
Athletic Club KC Reserves batting - Pitching for Tremont Doubledays : RHP Alonso Martínez
Now in CF: Carlos González
Now in RF: Fred Burt
Batting: SHB Eric Moore 0-0: Ball
1-0: DOUBLE (Line Drive, 7LM)
Batting: RHB Geoff Rivers 0-0: Swinging Strike
0-1: Foul Ball, location: 2F
0-2: Ball
1-2: Ball
2-2: Fly out, F9 (Line Drive, 9)
Batting: RHB Allen Williams 0-0: Fly out, F6 (Popup, 6MS)
Batting: RHB Javier Marino 0-0: Ball
1-0: Ball
2-0: Called Strike
2-1: Ball
3-1: Base on Balls
Batting: RHB Tony Osorio 0-0: Ball
1-0: Called Strike
1-1: Foul Ball, location: 2F
1-2: Ball
2-2: Ball
Wild Pitch!
Eric Moore to third
Javier Marino to second
3-2: Ground out 5-3 (Groundball, 5L)
Top of the 9th over - 0 runs, 1 hit, 0 errors, 2 left on base; Athletic Club KC 6 - Tremont 8
Sunday, March 18th, 2018 - OOTP Baseball 18.8 Build 76